Map: Cyber Forest LE

Players

PtitDrogo - Winner!

  • Race: Protoss Protoss
  • Spawn Location: 11:00

HellraiseR

  • Race: Protoss Protoss
  • Spawn Location: 5:00

Event: 2019 WCS Spring

VOD

Have the link to the VOD?

Description

Time

  • Played on: May 18, 2019, 10:59 a.m.
  • Length: 13:17

All games in this series

Show
View Real Time Build Order
Export as new Build Order

PtitDrogo Protoss - Winner!

Build Orders: Archon Immortal 

Get SALT Encoding   

  12  0:00  Probe  
  13  0:13  Probe  
  14  0:17  Pylon  
  14  0:23  Probe  
  15  0:31  Probe  
  16  0:37  Gateway  
  16  0:39  Probe  
  16  0:45  Assimilator  
  17  0:51  Probe  
  17  0:54  Assimilator  
  18  0:59  Probe  
  19  1:07  Probe, Gateway  
  19  1:17  Probe  
  20  1:24  Cybernetics Core  
  21  1:29  Probe  
  22  1:33  Pylon  
  22  1:41  Probe  
  23  1:54  Probe  
  24  1:55  Warp Gate  
  24  1:57  Pylon  
  24  2:01  Stalker, Sentry  
  28  2:11  Probe  
  29  2:19  Pylon  
  29  2:23  Probe  
  30  2:30  Stalker  
  30  2:32  Stalker  
  34  2:53  Nexus  
  34  2:59  Shield Battery  
  34  3:07  Pylon  
  34  3:09  Sentry x2  
  34  3:11  Probe  
  39  3:26  Probe  
  40  3:32  Shield Battery  
  40  3:35  Robotics Facility  
  40  3:39  Probe  
  41  3:43  Stalker x2  
  41  3:48  Shield Battery  
  45  3:52  Probe  
  46  4:02  Probe  
  46  4:03  Probe  
  48  4:10  Probe  
  48  4:13  Probe  
  48  4:14  Stalker x2  
  48  4:15  Observer  
  54  4:21  Probe  
  56  4:27  Probe  
  57  4:33  Pylon  
  57  4:37  Stalker x2  
  61  4:39  Probe  
  61  4:44  Probe  
  61  4:51  Probe  
  60  4:54  Shield Battery  
  57  5:01  Stalker x2  
  60  5:08  Probe x2  
  62  5:14  Twilight Council  
  62  5:16  Forge, Probe  
  62  5:22  Probe  
  62  5:24  Probe, Pylon  
  62  5:26  Assimilator  
  62  5:28  Assimilator  
  64  5:31  Probe  
  64  5:34  Probe  
  65  5:39  Immortal  
  65  5:42  Pylon  
  70  5:52  Probe  
  70  5:53  Protoss Ground Weapons Level 1  
  71  5:57  Charge  
  71  6:02  Probe  
  72  6:12  Gateway  
  72  6:13  Gateway  
  72  6:14  Gateway, Warp Prism  
  76  6:24  Gateway  
  74  6:27  Templar Archives  
  74  6:30  Gateway  
  74  6:44  Gateway  
  74  6:45  Pylon  
  74  6:47  Pylon  
  74  7:03  Nexus  
  74  7:04  High Templar  
  74  7:05  High Templar  
  74  7:06  Pylon  
  78  7:08  Archon  
  78  7:12  Observer  
  82  7:20  Photon Cannon  
  82  7:22  High Templar x2  
  83  7:33  Immortal  
  83  7:34  Probe x2  
  89  7:51  Archon  
  89  7:52  Zealot x3  
  89  7:54  High Templar  
  89  7:55  High Templar  
  99  7:59  Archon  
  99  8:01  Zealot x3  
  99  8:03  Pylon  
  99  8:04  Pylon x2  
  107  8:12  Immortal  
  107  8:28  Zealot x5  
  117  8:35  Probe  
  117  8:36  Probe  
  117  8:47  High Templar x2  
  117  8:48  Zealot x3  
  125  8:52  Archon  
  127  8:55  Protoss Ground Weapons Level 2  
  127  8:57  Photon Cannon  
  127  8:58  Immortal  
  127  9:03  Probe x3  
  127  9:04  Pylon  
  134  9:22  High Templar  
  134  9:23  Zealot x2  
  134  9:24  Zealot x2, High Templar  
  142  9:28  Archon  
  146  9:33  Zealot x2  
  150  9:44  Pylon  
  144  9:51  Immortal  
  138  9:53  Pylon  
  126  10:06  Assimilator  
  128  10:07  Stalker  
  128  10:08  High Templar  
  128  10:09  Zealot x5, High Templar  
  128  10:10  Assimilator  
  128  10:12  Pylon  
  144  10:15  Archon  
  144  10:30  Zealot x6  
  140  10:47  Blink  
  119  10:54  Zealot x8  
  123  11:01  Immortal  
  127  11:06  Pylon  
  127  11:08  Pylon x2  
  127  11:15  Photon Cannon  
  127  11:16  Photon Cannon  
  127  11:25  High Templar x3  
  129  11:26  Zealot x2, High Templar  
  129  11:30  Archon x2  
  139  11:36  Dark Shrine  
  139  11:44  Zealot x2  
  133  11:51  Immortal  
  129  12:03  Probe x2  
  135  12:15  Zealot x2  
  135  12:16  Zealot x2  
  135  12:17  High Templar x2  
  135  12:18  Zealot  
  143  12:36  Zealot x5  
  153  12:45  Archon  
  153  12:50  Dark Templar x3  
  135  13:03  Zealot x5  
  135  13:04  Probe  
Show
View Real Time Build Order
Export as new Build Order

HellraiseR Protoss 

Build Orders: Mass Adepts 

Get SALT Encoding   

  12  0:00  Probe  
  13  0:12  Probe  
  14  0:18  Pylon  
  14  0:23  Probe  
  15  0:32  Probe  
  15  0:38  Gateway  
  15  0:40  Probe  
  16  0:46  Assimilator  
  17  0:52  Probe  
  17  0:54  Assimilator  
  18  1:00  Probe  
  18  1:08  Probe  
  18  1:09  Gateway  
  20  1:18  Probe  
  20  1:25  Cybernetics Core  
  21  1:31  Probe  
  22  1:34  Pylon  
  22  1:43  Probe  
  23  1:51  Warp Gate  
  23  1:55  Probe  
  23  2:01  Adept x2  
  28  2:10  Probe, Pylon  
  29  2:22  Twilight Council  
  29  2:31  Adept x2  
  32  2:49  Resonating Glaives  
  32  3:01  Adept x2  
  36  3:13  Nexus  
  36  3:21  Pylon  
  36  3:22  Probe  
  37  3:31  Shield Battery  
  37  3:34  Probe  
  38  3:42  Robotics Facility  
  38  3:44  Adept  
  38  3:47  Adept  
  42  3:50  Probe  
  41  4:03  Probe  
  41  4:07  Adept  
  41  4:09  Adept  
  46  4:15  Probe  
  47  4:20  Forge  
  47  4:22  Probe  
  47  4:23  Probe  
  47  4:30  Probe  
  49  4:31  Probe  
  49  4:32  Observer  
  49  4:33  Sentry  
  54  4:40  Probe  
  54  4:42  Probe  
  56  4:48  Blink  
  56  4:52  Probe  
  55  4:54  Probe  
  52  5:01  Immortal  
  52  5:04  Probe  
  52  5:06  Probe  
  48  5:12  Shield Battery  
  48  5:16  Probe  
  48  5:18  Probe  
  48  5:23  Zealot x2  
  48  5:26  Protoss Ground Weapons Level 1  
  52  5:28  Probe  
  52  5:29  Shield Battery  
  52  5:33  Immortal, Probe  
  52  5:35  Pylon  
  54  5:37  Assimilator  
  58  5:47  Assimilator  
  58  5:48  Adept  
  60  5:58  Stalker  
  60  6:00  Pylon  
  60  6:01  Probe  
  60  6:02  Probe, Pylon  
  64  6:04  Warp Prism  
  64  6:09  Stalker  
  68  6:18  Pylon  
  68  6:21  Stalker  
  70  6:27  Gateway  
  70  6:34  Stalker  
  72  6:40  Gateway  
  72  6:43  Pylon  
  72  6:49  Robotics Bay  
  72  6:56  Stalker  
  72  6:57  Stalker  
  76  7:02  Immortal  
  80  7:08  Gateway  
  80  7:21  Dark Shrine  
  80  7:31  Colossus, Protoss Ground Weapons Level 2  
  80  7:35  Nexus  
  86  7:50  Stalker x2  
  90  8:02  Pylon  
  90  8:04  Extended Thermal Lance  
  90  8:08  Pylon  
  90  8:12  Probe x2  
  92  8:17  Stalker x2, Colossus  
  96  8:20  Zealot x2  
  95  8:39  Probe  
  102  8:53  Pylon  
  102  9:04  Stalker x2  
  102  9:05  Stalker x3  
  112  9:12  Colossus  
  118  9:29  Pylon  
  118  9:35  Adept x5  
  94  10:02  Stalker x5  
  94  10:05  Pylon  
  94  10:06  Pylon  
  102  10:25  Dark Templar x2, Gateway  
  102  10:26  Adept x2  
  110  10:28  Adept  
  110  10:31  Archon  
  100  10:54  Disruptor  
  96  11:00  Adept x5  
  109  11:13  Gravitic Drive  
  109  11:19  Disruptor  
  109  11:20  Nexus  
  109  11:27  Probe  
  109  11:29  Pylon  
  113  11:44  Probe x2  
  113  11:46  Disruptor  
  118  12:04  Pylon x2  
  108  12:16  Disruptor  
  108  12:29  Adept x3  
  117  12:43  Adept x2  
  107  13:05  Stalker x3  
Tags
 
Add a new tag
Caveats
  • Supply blocks, unpowered buildings, or Contaminate may cause inaccurate times.
  • Supply counts are checked every 10 seconds.